Cogmind - Beta 9.3 @@@ ROGUE MODE // 2019.12.21 @ 17:56:38 // Winter2019/RPGLIKE Player: Cassie Rose Result: Destroyed by S-10 Pest with Light Assault Rifle Performance ------------- Evolutions (1) 500 Regions Visited (2) 400 Robots Destroyed (31) 155 Value Destroyed (647) 647 Prototype IDs (2) 40 Alien Tech Used (0) 0 Bonus (0) 0 TOTAL SCORE: 1742 Bonus ------- None Cogmind --------- Core Integrity 0/600 Matter 300/300 Energy 325/325 System Corruption 1% Temperature Cool (34) Movement Hovering (48) Location -9/Materials Parts ------- > --- POWER (2) -------- Improved Ion Engine Light Nuclear Core > --- PROPULSION (4) --- Airjet Airjet Airjet Airjet > --- UTILITY (2) ------ Improved Terrain Scanner Seismic Analyzer > --- WEAPON (2) ------- Heavy Hammer > --- INVENTORY (0) ---- (None) Peak State ------------ > --- POWER ------------ Improved Ion Engine Light Nuclear Core > --- PROPULSION ------- Airjet Airjet Airjet Airjet > --- UTILITY ---------- Improved Terrain Scanner Seismic Analyzer > --- WEAPON ----------- EM Pulse Gun Heavy Hammer > --- INVENTORY -------- (None) [Rating: 23] Favorites ----------- Power Light Ion Engine Engine Light Ion Engine Power Core Light Nuclear Core Propulsion Hover Unit Wheel Compact Wheel Hover Unit Hover Unit Flight Unit Flight Unit Utility Seismic Analyzer Device Improved Terrain Scanner Processor Seismic Analyzer Weapon EM Pulse Gun Energy Gun EM Pulse Gun Impact Weapon Heavy Hammer Build | -11 -10 -9 ------- Run | Scr Mat Mat Slots Evolved 6 | 4 1 1 Power 1 | 1 . . Propulsion 3 | 1 1 1 Utility 1 | 1 . . Weapon 1 | 1 . . Parts Attached 22 | 9 7 6 Power 4 | 2 1 1 Engine 3 | 2 . 1 Core 1 | . 1 . Reactor . | . . . Propulsion 13 | 3 6 4 Treads . | . . . Leg . | . . . Wheel 3 | 3 . . Hover 7 | . 3 4 Flight 3 | . 3 . Utility 2 | 2 . . Device 1 | 1 . . Storage . | . . . Processor 1 | 1 . . Hackware . | . . . Protection . | . . . Artifact . | . . . Weapon 3 | 2 . 1 Energy Gun 2 | 2 . . Energy Cannon . | . . . Ballistic Gun . | . . . Ballistic Cannon . | . . . Launcher . | . . . Special Weapon . | . . . Impact Weapon 1 | . . 1 Slashing Weapon . | . . . Piercing Weapon . | . . . Special Melee Weapon . | . . . Unidentified Prototypes . | . . . Parts Lost 1 | . . 1 Power . | . . . Propulsion . | . . . Utility . | . . . Weapon 1 | . . 1 Highest Loss Streak 1 | . . 1 Average Slot Usage (%) 97 | . 98 96 Engine 18 | . 21 10 Core 4 | . 2 10 Wheel 1 | . 2 . Hover 23 | . 22 26 Flight 3 | . . 10 Device 11 | . 11 10 Processor 11 | . 11 10 Energy Gun 21 | . 24 12 Impact Weapon 2 | . . 7 Naked Turns . | . . . Heaviest Build 18 | 11 13 18 Greatest Support 56 | 42 42 56 Greatest Overweight (x) . | . . . Average Overweight (x) . | . . . Largest Inventory Capacity . | . . . Average Capacity . | . . . Most Carried . | . . . Average Carried . | . . . Final Capacity . | . . . Final Carried . | . . . Class Distribution -------------------- 56% | Scavenger-Mutant 20% | Scout 13% | Mutant 9% | Scavenger-Scout Dominant Class ---------------- Scavenger-Mutant | -10/Materials Scout | -9/Materials Resources | -11 -10 -9 ----------- Run | Scr Mat Mat Matter Collected 420 | 290 68 62 Remotely . | . . . Salvage Created 878 | 124 396 358 Parts 70 | 9 42 19 Haulers Intercepted 3 | . 2 1 Recyclers Shooed 3 | . 1 2 Parts Field Recycled . | . . . Retrieved Matter . | . . . Parts Self-Destructed . | . . . Prevented . | . . . Kills | -11 -10 -9 ------- Run | Scr Mat Mat Combat Hostiles Destroyed 19 | . 14 5 Melee 2 | . . 2 Guns 11 | . 9 2 AOE 5 | . 5 . Classes Destroyed 9 | 2 6 1 Worker 1 | . 1 . Tunneler 2 | 2 . . Hauler 3 | . 2 1 Recycler 3 | 1 1 1 Operator 2 | . 2 . Watcher 1 | . 1 . Swarmer 6 | . 5 1 Grunt 11 | . 9 2 Sentry 2 | . . 2 Best Kill Streak 4 | 3 4 3 Combat Bots Only 4 | . 4 3 Max Kills in Single Turn 2 | 1 2 1 Gunslinging . | . . . Exploded 2 | . 2 . Melee 1 | . . 1 Uniques/NPCs Destroyed . | . . . Combat | -11 -10 -9 -------- Run | Scr Mat Mat Damage Taken 1461 | . 489 972 Core 1176 | . 400 776 Absorbed by Shields . | . . . Redirected to Core 910 | . 283 627 Core Remaining (%) 100 | 100 100 . Volleys Fired 80 | 6 51 23 Largest 2 | 2 2 2 Hottest 80 | 80 80 80 Shots Fired 141 | 12 102 27 Gun 141 | 12 102 27 Cannon . | . . . Launcher . | . . . Special . | . . . Kinetic . | . . . Thermal . | . . . Explosive . | . . . Electromagnetic 141 | 12 102 27 Robot Hit Streak 8 | 4 8 8 Robot Miss Streak 3 | 3 3 2 Penetration Max . | . . . Secondary Targets . | . . . Shots Hit Robots 98 | 6 62 30 Core Hits 43 | 3 29 11 Critical Hits . | . . . Critical Kills . | . . . Critical Parts Destroyed . | . . . Melee Attacks 15 | . . 15 Impact 15 | . . 15 Slashing . | . . . Piercing . | . . . Sneak Attacks . | . . . Combat Hostiles . | . . . Follow-up Attacks . | . . . Damage Inflicted 1959 | 103 1274 582 Guns 1124 | 103 821 200 Cannons . | . . . Explosions 453 | . 453 . Melee 323 | . . 323 Ramming 59 | . . 59 Kinetic . | . . . Thermal 453 | . 453 . Explosive . | . . . Electromagnetic 1124 | 103 821 200 Impact 323 | . . 323 Slashing . | . . . Piercing . | . . . Highest Corruption 1 | . . 1 Average Corruption 1 | . . 1 Corruption Purged . | . . . Overload Shots . | . . . Overflow Damage 14 | . . 14 Projectiles . | . . . Explosions . | . . . Melee 14 | . . 14 Knockbacks . | . . . Impact . | . . . Kinetic . | . . . Secondary . | . . . Self-Inflicted Damage 57 | . 29 28 Shots 2 | . 2 . Rammed 10 | . . 10 Targets Rammed 10 | . . 10 Kicked . | . . . Crushed . | . . . Highest Temperature 478 | 117 478 375 Average Temperature 144 | 41 136 172 Received Heat Transfer 441 | . 210 231 Effects 18 | . 12 6 Shutdowns 9 | . 7 2 Energy Bleed 4 | . 4 . Interference 4 | . . 4 Matter Decay 1 | . 1 . Siege Activations . | . . . Robots Corrupted . | . . . Combat Hostiles . | . . . Parts Fried 8 | . 5 3 Impact Corruptions 3 | . . 3 Robots Melted . | . . . Combat Hostiles . | . . . Parts Melted . | . . . Heat Transferred 500 | . 500 . Parts Sabotaged . | . . . Parts Stolen . | . . . Parts Stripped . | . . . Power Chain Reactions 7 | . 7 . Missiles Intercepted . | . . . Alert | -11 -10 -9 ------- Run | Scr Mat Mat Peak Influence 293 | 15 293 262 Average Influence 146 | 6 155 167 Maximum Alert Level 1 | . 1 1 Low Security (%) 65 | 100 57 74 Level 1 34 | . 42 25 Level 2 . | . . . Level 3 . | . . . Level 4 . | . . . Level 5 . | . . . High Security . | . . . Max Security . | . . . Squads Dispatched 2 | . 1 1 Investigation 1 | . . 1 Extermination . | . . . Reinforcement 1 | . 1 . Assault . | . . . Garrison . | . . . Intercept . | . . . Construction Impeded . | . . . Haulers Reinforced . | . . . Stealth | -11 -10 -9 --------- Run | Scr Mat Mat Distress Signals 1 | . 1 . Communications Jammed . | . . . Distress Signals . | . . . Times Spotted 40 | . 29 11 Peak Tracking Total 7 | . 6 7 Tactical Retreats . | . . . Traps | -11 -10 -9 ------- Run | Scr Mat Mat Traps Triggered 1 | . . 1 Indirectly . | . . . Trap Hack Attempts . | . . . Triggered . | . . . Disarmed . | . . . Reprogrammed . | . . . Reused . | . . . Traps Extracted . | . . . Installed . | . . . Triggered . | . . . Machines | -11 -10 -9 ---------- Run | Scr Mat Mat Machines Disabled 1 | . 1 . Max in Single Turn 1 | . 1 . Machines Sabotaged . | . . . Garrisons Compromised . | . . . Overloaded Fab Kills . | . . . Fab Network Shutdowns . | . . . Hacking | -11 -10 -9 --------- Run | Scr Mat Mat Machines Accessed 1 | . 1 . Terminals 1 | . 1 . Fabricators . | . . . Repair Stations . | . . . Recycling Units . | . . . Scanalyzers . | . . . Garrison Access . | . . . Total Hacks 3 | . 3 . Successful 3 | . 3 . Failed . | . . . Catastrophic . | . . . Database Lockouts . | . . . Manual . | . . . Terminals 3 | . 3 . Fabricators . | . . . Repair Stations . | . . . Recycling Units . | . . . Scanalyzers . | . . . Garrison Access . | . . . Terminal Hacks 3 | . 3 . Prototype ID Bank 1 | . 1 . Hauler Manifests 1 | . 1 . Registered Components 1 | . 1 . Fabricator Hacks . | . . . Repair Station Hacks . | . . . Recycling Unit Hacks . | . . . Scanalyzer . | . . . Garrison Access Hacks . | . . . Unauthorized Hacks . | . . . Terminals . | . . . Fabricators . | . . . Repair Stations . | . . . Recycling Units . | . . . Scanalyzers . | . . . Garrison Access . | . . . Data Cores Recovered 1 | . 1 . Used 1 | . 1 . Hacking Detections 1 | . 1 . Full Trace Events . | . . . Feedback Events . | . . . Feedback Blocked . | . . . Robot Schematics Acquired . | . . . Robots Built . | . . . Matter . | . . . Time . | . . . Total Robot Build Rating . | . . . Part Schematics Acquired . | . . . Parts Built . | . . . Matter . | . . . Time . | . . . Total Part Build Rating . | . . . Parts Repaired . | . . . Time . | . . . Parts Recycled . | . . . Recycled Matter . | . . . Retrieved Matter . | . . . Retrieved Components . | . . . Parts Scanalyzed . | . . . Part Schematics Acquired . | . . . Parts Damaged . | . . . Bothacking | -11 -10 -9 ------------ Run | Scr Mat Mat Used RIF Installer . | . . . Robots Hacked . | . . . Non-combat . | . . . Combat . | . . . Robot Hacks Applied . | . . . Relay Couplers Released . | . . . Robots Rewired . | . . . Allies Hacked . | . . . Hacks Repelled . | . . . Allies | -11 -10 -9 -------- Run | Scr Mat Mat Total Allies . | . . . Largest Group . | . . . Highest-Rated Group . | . . . Highest-Rated Ally . | . . . Total Orders . | . . . Ally Attacks . | . . . Total Damage . | . . . Kills . | . . . Allies Corrupted . | . . . Allies Melted . | . . . Intel | -11 -10 -9 ------- Run | Scr Mat Mat Robot Analysis Total . | . . . Derelict Logs Recovered . | . . . Drone Launches . | . . . Drone Recoveries . | . . . Exploration | -11 -10 -9 ------------- Run | Scr Mat Mat Turns Passed 936 | 79 619 238 Spaces Moved 935 | 50 667 218 Core 2 | 2 . . Treads . | . . . Legs . | . . . Wheels 100 | 48 52 . Hover 662 | . 584 78 Flight 171 | . 31 140 Fastest Speed 34 | 50 34 34 Average Speed 55 | 94 58 39 Slowest Speed 100 | 100 100 60 Overloaded Moves . | . . . Propulsion Burnouts . | . . . Robots Hopped . | . . . Cave-ins Triggered . | . . . Exploration Rate (%) 40 | 4 95 22 Regions Visited 2 Branch Regions . Pre-discovered Areas . | . . . Known Exits Taken . | . . . Unknown Exits Taken 2 | 1 1 . Scrap Searched . | . . . Spaces Dug . | . . . Terrain Destroyed 38 | . 38 . Melee . | . . . Projectile . | . . . AOE 38 | . 38 . Actions | -11 -10 -9 --------- Run | Scr Mat Mat Total 1172 | 65 794 313 Wait 62 | . 34 28 Move 933 | 49 666 218 Hop . | . . . Pick Up . | . . . Fast Attach 22 | 9 7 6 Attach . | . . . Detach . | . . . Swap . | . . . Drop 12 | 1 6 5 Fire 80 | 6 51 23 Melee 15 | . . 15 Ram 10 | . . 10 Kick . | . . . Crush . | . . . Escape Stasis . | . . . Rewire . | . . . Trap . | . . . Miscellaneous 38 | . 30 8 Route ------- -11/Scrapyard -10/Materials (discovered 4 exits: [*Mat x3] / [*Min]) -9/Materials History --------- Turn | Location | Event 1 | -11/Scrapyard | Upgraded with Power slot (x1) 1 | -11/Scrapyard | Upgraded with Propulsion slot (x1) 1 | -11/Scrapyard | Upgraded with Utility slot (x1) 1 | -11/Scrapyard | Upgraded with Weapon slot (x1) 25 | -11/Scrapyard | Discovered new exit (range 12) 80 | -11/Scrapyard | Entered Materials 118 | -10/Materials | Discovered new exit (range 16) 333 | -10/Materials | Discovered new exit (range 13) 359 | -10/Materials | Discovered new exit (range 10) 398 | -10/Materials | Discovered new exit (range 16) 429 | -10/Materials | Build established: Scavenger-Mutant 528 | -10/Materials | Reached level 2 602 | -10/Materials | Upgraded with Propulsion slot (x1) 699 | -10/Materials | Entered another Materials area 701 | -9/Materials | Reached level 3 701 | -9/Materials | Upgraded with Propulsion slot (x1) 906 | -9/Materials | Core integrity fell below 50% 924 | -9/Materials | Core integrity fell below 20% 937 | -9/Materials | Destroyed by S-10 Pest with Light Assault Rifle Last Messages --------------- 00918_ G-34 Mercenary system corrupted by crushing effect. 00919_ G-34 Mercenary system terminally corrupted. 00919_ Aluminum Leg fried. 00920_ K-01 Serf collects debris. 00922_ Destroyed Heat Sink. 00922_ G-34 Mercenary system corrupted by crushing effect. 00923_ K-01 Serf collects debris. 00924_ G-34 Mercenary misfires. 00924_ R-06 Scavenger collects Flight Unit. 00926_ EM Pulse Gun destroyed. 00927_ K-01 Serf collects debris. 00928_ R-06 Scavenger collects Lgt. Assault Rifle. 00928_ G-34 Mercenary destroyed. 00928_ Knocked back. 00930_ S-10 Pest IFF system glitched. 00930_ K-01 Serf collects debris. 00931_ R-06 Scavenger collects Heat Sink. 00931_ G-34 Mercenary misfires. 00935_ K-01 Serf collects debris. 00935_ S-10 Pest misfires. Map ----- +----------------------------------------------------+ | ?????????????????????????????????????????????????? | | ?????????????????????????????????????????????????? | | ?????????????????????????????????????????????????? | | ?????????????????????????????????????????????????? | | ?????????????????????????????????????????????????? | | ?????????????????????????????????????????????????? | | ?????????????????????????????????????????????????? | | ?????????????????????????????????????????????????? | | ?????????????????????????????????????????????????? | | ?????????????????????????????????????????????????? | | ?????????????????????????????????????????????????? | | ?????????????????????????????????????????????????? | | ?????????????????????????????????????????????????? | | ???????????????###?????????????????? ????????????? | | ???????????????? ????????????? ??????? ??#???# | | ????????????????? ????????##? ?#??#?#???? | | ?????????????????? ?????###? ??? ?#?##?##??"? | | ??????????????????? ?? #?##?##############?#????" | | ???????????????????#? ? ?#####################?""" | | ???????????????????#? ######?#?#??#?#######?? | | ???????????????????# % ############?######### ? ? | | ???????????????????# # #! ######## | | ??????????????????## #= "" # """ ?####### ? | | ??????????? ?+%k*"""# """ ######## | | ?????????????# #rbs S"# """ ######## | | ?????????????# ? #@%[[ # ###??### ? | | ???????????? + ??? ? #%%%% # ?#########?# | | ?????????????????###### ##g#######+############### | | ??????????????????##?## %######= ############## | | ????????????????####### % [ ! % *!![%[!!% | | ??????????????????########### ###= ############ | | ??????????????????###? ???## #?################ | | ??????????????????### ?? T ## ##?#?############# | | ???????????????????## # ################# | | ??????????????????### ? + ################# | | ??????????????????#??? ?# #####??########## | | ???????????????????## ? ######??############# | | ?????????????????????#?##?##?###?############### | | ????????????????????#??###?###?##?#?##?######### | | ????????????????????#?#???#######?###########?#" | | ?????????????????????##?####???##??###?########T | | ??????????????????????##???###?##??############" | | ???????????????????????#?####??#################!! | | ?????????????????????????########?##?######?####!! | | ???????????????????????????#?###################! | | ???????????????????????????? ?######### #### | | ?????????????????????????????##?####### """ #### | | ????????????????????????????T??#?#?##?# """ #### | | ??????????????????????????????###?##### """ #### | | ???????????????????????????????#???#??# #?## | +----------------------------------------------------+ Best States ------------- Heat Dissipation 25 Energy Generation 21 Energy Capacity 325 Matter Stores 300 Matter Capacity 300 Sight Range 16 Robot Scan Range 12 Terrain Scan Range 16 Terrain Scan Density 360 Evasion (%) 63 Item Schematics ----------------- None Robot Schematics ------------------ None Fabricated ------------ Nothing Alien Tech Used ----------------- None Achievements -------------- None Challenges ------------ None RPGLIKE | -11 -10 -9 --------- Run | Scr Mat Mat Levels Raised 2 | . 1 1 XP Earned 6965 | 3000 1780 2185 XP Spent 5985 | 2935 1500 1550 Upgrades 20 | 13 3 4 Power Slot 1 | 1 . . Propulsion Slot 3 | 1 1 1 Utility Slot 1 | 1 . . Weapon Slot 1 | 1 . . Mass Support 4 | 2 2 . Sensor Range 6 | 3 . 3 Terrain Scan Density 3 | 3 . . Melee Accuracy 1 | 1 . . Protomatter Created 349 | . 292 57 Integrity Restored 669 | . 498 171 Core 571 | . 400 171 Parts 98 | . 98 . Protomatter Decayed 75 | . 75 . Game ------ Seed SupersonicQuantumSink Manual? 0 Play Time 00:16:53 Cumulative 77.5 hours Start 2019.12.21 @ 17:40:59 End 2019.12.21 @ 17:56:38 Sessions 1 Manual Loads 0 Difficulty Rogue Special Mode Winter2019/RPGLIKE Game No. 129 Rogue 129 Adventurer 0 Explorer 0 Win Type - Total 0 Types 0/0/0/0/0/0/0 Lore% 22 Gallery% 28 Achievement% 27 Wizard Run 0 Options --------- ASCII 0 Keyboard 0 Movement Mouse Keybinds 0 Fullscreen 2 Font 18/SmallcapsGlow Map View 76x50 Tactical HUD 1 Map Filters NONE Filters LOW_CONTRAST(13,24,33)|BRIGHTNESS(120)|SATURATION(80) Steam 1 RUN: 90767335-f5c2-4073-8f99-5f51693f54e6